AoeStats
← lucien

Arabia

510848781Analyzed
1v1 RM · 11h ago on Oct 2, 2026· 48m 18s· 2 players
Game mode
Random Map
Map size
Tiny (2 player)
Population
200
Speed
Normal
Resources
Standard
Victory
Conquest
Starting age
Dark Age
Ending age
Imperial Age
RankedLock teamsTeams togetherTeam positionsShared explorationLock speedFull tech treeHidden civsTurbo modeCheats
Victory
Defeat
🇩🇪 Koreans · Germany
1115
+21
🇨🇿 Armenians · Czechia
1103
-15
lucien
6:42 Loom
10:12 Feudal Age
10:33 Man-at-Arms
12:19 Long Swordsman
13:07 Scale Mail Armor
18:14 Double-Bit Axe
21:07 Castle Age
19:26 Horse Collar
19:42 Arson
21:39 Forging
21:46 Two-Handed Swordsman
22:12 Gambesons
23:11 Squires
23:56 Chain Mail Armor
46:12 Fletching
BondTrustee
7:01 Loom
9:04 Feudal Age
13:51 Fletching
17:50 Horse Collar
18:58 Wheelbarrow
22:30 Castle Age
20:48 Double-Bit Axe
21:27 Gold Mining
22:31 Crossbowman
23:07 Bodkin Arrow
23:48 Bow Saw
24:12 Heavy Plow
37:08 Hand Cart
36:38 Town Watch
37:18 Scale Mail Armor
37:29 Forging
37:35 Squires
36:55 Man-at-Arms
37:21 Arson
40:36 Imperial Age
38:27 Long Swordsman
39:53 Chain Mail Armor
41:17 Iron Casting
41:22 Two-Handed Swordsman
42:43 Plate Mail Armor
42:22 Bracer
43:11 Champion
44:50 Town Patrol
46:43 Stone Mining
Connection lost

Rejoining the realm…

Still unreachable

The connection could not be restored.

Session expired

The server has moved on; the page needs a fresh start.